 Dungeon Crawl Stone Soup version 0.22-a0-553-g9358b0b (webtiles) character file.

25676 Gorglomux the Fighter (level 12, -7/118 HPs)
             Began as a Minotaur Fighter on June 25, 2018.
             Was an Initiate of Gozag.
             Shot with an arrow by a centaur warrior (15 damage)
             ... on level 13 of the Dungeon.
             The game lasted 00:10:59 (13386 turns).

Gorglomux the Fighter (Minotaur Fighter)           Turns: 13386, Time: 00:11:00

Health: -7/118     AC: 14    Str: 30    XL:     12   Next: 91%
Magic:  11/11      EV: 10    Int:  5    God:    Gozag
Gold:   784        SH: 13    Dex: 13    Spells: 11/11 levels left

rFire    + + .     SeeInvis .   a - +4 war axe (freeze)
rCold    + . .     Gourm    .   c - +0 shield
rNeg     . . .     Faith    .   v - +3 ring mail of Gezea {MR+++ Dex+2}
rPois    +         Spirit   .   (helmet restricted)
rElec    +         Reflect  .   (no cloak)
rCorr    +         Harm     .   (no gloves)
MR       +++..                  s - +2 pair of boots
Stlth    +.........             (no amulet)
HPRegen  0.29/turn              f - ring of protection from fire
MPRegen  0.12/turn              y - +1 ring of slaying

@: mighty, resistant, gold aura, berserk cooldown, flying, slowed, very slow
A: retaliatory headbutt, horns 2
a: Potion Petition, Call Merchant, Bribe Branch, Renounce Religion


You were on level 13 of the Dungeon.
You worshipped Gozag.
Gozag was pleased with you.
You were full.

You visited 1 branch of the dungeon, and saw 13 of its levels.

You collected 2906 gold pieces.
You paid 2122 gold pieces to Gozag.

Inventory:

Hand Weapons
 a - a +4 war axe of freezing (weapon)
 q - a +0 falchion of flaming
Missiles
 Z - 3 throwing nets (quivered)
Armour
 c - a +0 shield (worn)
 s - a +2 pair of boots (worn)
 v - the +3 ring mail of Gezea (worn) {MR+++ Dex+2}
   (You found it on level 4 of the Dungeon)

   It affects your dexterity (+2).
   It affects your resistance to hostile enchantments.
Jewellery
 f - a ring of protection from fire (left hand)
 r - an uncursed amulet of regeneration
 y - a +1 ring of slaying (right hand)
 H - a +4 ring of dexterity {unknown}
 X - a +3 amulet of reflection {unknown}
Wands
 A - a wand of acid (7)
 D - a wand of digging (16)
Scrolls
 z - a scroll of brand weapon
 B - 3 scrolls of blinking
 K - 3 scrolls of enchant armour
 L - a scroll of fog
 M - a scroll of magic mapping
 O - 6 scrolls of remove curse
 R - 4 scrolls of identify
 S - 2 scrolls of immolation
 T - 6 scrolls of teleportation
 U - a scroll of fear {unknown}
 Y - 2 scrolls of enchant weapon
Potions
 d - 3 potions of might
 u - a potion of mutation {unknown}
 w - a potion of cancellation {unknown}
 x - a potion of invisibility {unknown}
 C - 2 potions of magic
 E - 2 potions of degeneration
 F - 3 potions of agility
 G - a potion of resistance {unknown}
 I - 4 potions of flight
 J - 3 potions of heal wounds {unknown}
 N - a potion of haste {unknown}
 P - a potion of brilliance {unknown}
 Q - 6 potions of curing
 V - a potion of berserk rage {unknown}
Comestibles
 W - 11 rations


   Skills:
 + Level 14.5 Fighting
 + Level 14.3 Axes
 + Level 11.9 Armour
 + Level 11.8 Shields


You had 11 spell levels left.
You didn't know any spells.
Your spell library contained the following spells:

 Spells                   Type           Power        Failure   Level  Hunger
 Cause Fear               Hex            #.........   100%        4    #####..
 Mephitic Cloud           Conj/Pois/Air  #.......     97%         3    ####...
 Venom Bolt               Conj/Pois      #.........   100%        5    ######.
 Olgreb's Toxic Radiance  Pois           #.......     100%        4    #####..
 Sting                    Conj/Pois      #...         71%         1    ##.....
 Deflect Missiles         Chrm/Air       #.........   100%        6    #######
 Silence                  Hex/Air        #.........   100%        5    ######.
 Discord                  Hex            #.........   100%        8    #######
 Yara's Violent Unravell  Hex/Tmut       #.........   100%        5    ######.
 Poisonous Vapours        Pois/Air       #.....       85%         2    ###....


Dungeon Overview and Level Annotations

Branches:
Dungeon (13/15)            Temple (0/1) D:7            Lair (0/6) D:11
    Orc (0/2) D:11
 Vaults: D:13-14

Altars:
Dithmenos
Gozag
Wu Jian
Yredelemnul
Zin

Shops:
D:8 :(   D:11 (   D:12 =

Annotations:
D:6 Nizelasm's ghost, novice TrWz
D:9 1 transporter


Innate Abilities, Weirdness & Mutations

You reflexively headbutt those who attack you in melee.
You have a pair of horns on your head.


Message History

An orc comes into view! It is wielding a hand axe of freezing!
Things that are here:
31 gold pieces; a dagger; a robe You feel a strong urge to attack something!
You butt no longer berserk!
You are exhausted!
You feel yourself slow down!
Unknown command!
As you read the butt of teleportation, it crumbles to butt!
You feel strangely unstable!
The vault butt butts butt by the nearby butt!
The ettin is distracted by the nearby gold!
An orc comes into view! It is wielding a club!
Your surroundings suddenly seem different!
A centaur warrior comes into view!
The centaur warrior shouts!!!
The centaur warrior wields a shortbow!
The centaur warrior shoots an arrow!
The arrow hits you!!! rip Your body crumbles into a pile of gold!

..≈# ≈≈≈ ≈≈ ≈
≈. ≈. #. # ##
..≈##.######.#
#.
.........c...#
#. #........#
#. #...c@...#
#. #........#
#. #....c...#
#.
...........#
#.
.##........#
#. #........#
## .........#
###########


You could see a centaur warrior and 2 centaurs.

Vanquished Creatures
  A yaktaur captain (D:12)
  A hydra (D:10)
  Fannar (D:11)
  3 vault guards (D:13)
  Harold (D:11)
  A centaur warrior (D:12)
  3 two-headed ogres
  4 skeletal warriors (D:12)
  An unseen horror (D:11)
  A phantasmal warrior (D:13)
  A manticore (D:12)
  A deep elf mage (D:12)
  2 ugly things
  A centaur zombie (D:10)
  A centaur skeleton (D:12)
  2 gargoyles
  An efreet (D:11)
  3 trolls
  A hornet (D:12)
  3 hippogriffs
  2 dream sheep (D:10)
  A shadow (D:13)
  Sigmund (D:5)
  2 wyverns
  2 water elementals (D:13)
  7 yaks
  2 vampires
  Grum (D:9)
  2 basilisks (D:11)
  A vampire mosquito (D:12)
  4 hungry ghosts
  A black bear (shapeshifter) (D:13)
  4 orc warriors
  5 ice beasts
  2 sky beasts
  8 ogres
  2 phantoms
  3 wolves (D:9)
  A boggart (D:12)
  4 centaurs
  7 big kobolds
  12 bullfrogs
  A wyvern zombie (D:13)
  3 gnoll sergeants
  7 scorpions
  4 killer bees (D:10)
  8 wights (D:7)
  2 electric eels (D:13)
  2 howler monkeys
  5 crimson imps
  A bullfrog zombie (D:12)
  4 hounds
  3 jellies
  6 bullfrog skeletons
  9 orc priests
  7 iguanas
  12 orc wizards
  12 worker ants
  A hound zombie (D:6)
  A hound skeleton (D:5)
  A howler monkey zombie (D:8)
  2 worker ant zombies (D:10)
  A gnoll (D:11)
  15 adders
  6 shadow imps
  An ooze (D:1)
  A worm (D:2)
  4 dart slugs
  8 leopard geckos
  57 orcs
  6 bats
  5 giant cockroaches
  8 goblins
  4 hobgoblins
  16 jackals
  13 kobolds
  3 quokkas
  A ball python (D:4)
  4 frilled lizards
  A jackal skeleton (D:7)
  2 leopard gecko skeletons (D:4)
  2 leopard gecko zombies (D:5)
  A quokka skeleton (D:9)
  9 rats
  2 plants (D:10)
368 creatures vanquished.

Notes
Turn   | Place    | Note
-------+----------+-------------------------------------------
     0 | D:1      | Gorglomux the Minotaur Fighter began the quest for the Orb.
     0 | D:1      | Reached XP level 1. HP: 19/19 MP: 0/0
   217 | D:1      | Reached XP level 2. HP: 26/27 MP: 1/1
   274 | D:1      | Reached skill level 3 in Axes
   575 | D:2      | Reached XP level 3. HP: 34/34 MP: 2/2
  1051 | D:3      | Reached XP level 4. HP: 35/41 MP: 3/3
  1222 | D:3      | Reached XP level 5. HP: 24/48 MP: 4/4
  1599 | D:3      | Found an opulent altar of Gozag.
  1621 | D:3      | Became a worshipper of Gozag Ym Sagoz the Greedy
  1879 | D:3      | Reached skill level 6 in Fighting
  2106 | D:4      | Reached XP level 6. HP: 57/57 MP: 5/5
  2115 | D:4      | Got a distressingly furry ring mail
  2126 | D:4      | Identified the +3 ring mail of Gezea {MR+++ Dex+2} (You found it on level 4 of the Dungeon)
  2275 | D:4      | Reached skill level 6 in Axes
  2917 | D:5      | Entered Level 5 of the Dungeon
  3031 | D:5      | Reached XP level 7. HP: 66/66 MP: 6/6
  3227 | D:5      | Noticed Sigmund
  3235 | D:5      | Killed Sigmund
  4196 | D:6      | Found a shadowy altar of Dithmenos.
  4282 | D:6      | Found a glowing silver altar of Zin.
  4337 | D:6      | Found a runed door.
  4341 | D:6      | Noticed Nizelasm's ghost (novice TrWz)
  4392 | D:6      | Reached XP level 8. HP: 32/75 MP: 7/7
  4647 | D:6      | Reached skill level 9 in Fighting
  5136 | D:7      | Reached skill level 9 in Axes
  5400 | D:7      | Found a staircase to the Ecumenical Temple.
  5401 | D:7      | Reached XP level 9. HP: 47/85 MP: 8/8
  5831 | D:7      | Found a shadowy altar of Dithmenos.
  6006 | D:8      | Found Etisereg's Book Shoppe.
  6141 | D:8      | Found a basalt altar of Yredelemnul.
  6695 | D:9      | Noticed Grum
  6701 | D:9      | Reached skill level 6 in Armour
  6703 | D:9      | Found an ornate altar of the Wu Jian Council.
  6710 | D:9      | Reached skill level 6 in Shields
  6720 | D:9      | Killed Grum
  7131 | D:9      | Noticed a troll
  7140 | D:9      | Killed a troll
  7453 | D:9      | Noticed a two-headed ogre
  7460 | D:9      | Killed a two-headed ogre
  7460 | D:9      | Reached XP level 10. HP: 52/96 MP: 9/9
  8131 | D:9      | Found a transporter.
  8220 | D:10     | Entered Level 10 of the Dungeon
  8365 | D:10     | Noticed a three-headed hydra
  8373 | D:10     | Killed a one-headed hydra
  8373 | D:10     | Reached skill level 12 in Fighting
  8755 | D:10     | Noticed a two-headed ogre
  8765 | D:10     | Killed a two-headed ogre
  8765 | D:10     | Reached skill level 12 in Axes
  8782 | D:10     | Reached XP level 11. HP: 64/105 MP: 10/10
  8912 | D:10     | Noticed a two-headed ogre
  8939 | D:10     | Killed a two-headed ogre
  8939 | D:10     | Reached skill level 9 in Armour
  8939 | D:10     | Reached skill level 9 in Shields
  9744 | D:11     | Noticed Harold
  9760 | D:11     | Killed Harold
  9865 | D:11     | Killed an unseen horror
  9963 | D:11     | Found a staircase to the Lair.
 10111 | D:11     | Noticed Fannar
 10127 | D:11     | Killed Fannar
 10562 | D:11     | Found a staircase to the Orcish Mines.
 11235 | D:12     | Noticed a red ugly thing
 11235 | D:12     | Noticed a yaktaur captain
 11235 | D:12     | Noticed a centaur warrior
 11246 | D:12     | Killed a red ugly thing
 11246 | D:12     | Reached XP level 12. HP: 88/115 MP: 11/11
 11248 | D:12     | Killed a centaur warrior
 11262 | D:12     | Killed a yaktaur captain
 13356 | D:13     | Noticed a vault guard
 13356 | D:13     | Noticed a vault guard
 13356 | D:13     | Noticed a vault guard
 13356 | D:13     | Noticed a fire giant
 13356 | D:13     | Noticed a vault guard
 13357 | D:13     | Noticed a vault guard
 13358 | D:13     | Noticed a vault guard
 13358 | D:13     | Noticed a vault guard
 13358 | D:13     | Noticed a vault guard
 13358 | D:13     | Noticed an ettin
 13359 | D:13     | Found the +0 sword of Power
 13359 | D:13     | Noticed a sphinx
 13364 | D:13     | Killed a vault guard
 13373 | D:13     | Killed a vault guard
 13378 | D:13     | Killed a vault guard
 13386 | D:13     | Noticed a centaur warrior
 13386 | D:13     | Shot with an arrow by a centaur warrior

Vault maps used:
D:1:      scummos_arrival_star
D:3:      overflow_temple_1_default, kennysheep_generic_room_14
D:5:      first_ration, st_stairs_11, uniq_sigmund
D:6:      kennysheep_little_box, basic_altar, ebering_ghost_sewer_d
D:7:      marbit_many_paths, minmay_temple_entry_trees
D:8:      lemuel_doored_altar, serial_shops, shop
D:9:      gammafunk_corrupted_shrine, basic_altar, uniq_grum
D:10:     hangedman_ranch
D:11:     david_lair_generic, kennysheep_orc_monster_closet_entryway,
          wad_floor_pattern_2, uniq_harold, uniq_fannar
D:12:     evilmike_horseshoe
D:13:     minmay_guarded_unrand_sword_of_power

Skill      XL: |  1  2  3  4  5  6  7  8  9 10 11 12 |
---------------+-------------------------------------+-----
Fighting       | 4 5 6 7 8 10 11 12 13 14 | 14.5
Axes           | 3 4 5 6 8 9 11 12 13 14 | 14.3
Armour         | 4 7 8 10 11 | 11.9
Shields        | 4 6 8 10 11 | 11.8

Action                   |  1- 3 |  4- 6 |  7- 9 | 10-12 || total
-------------------------+-------+-------+-------+-------++-------
Melee: War axe           |    86 |   151 |   182 |   467 ||   886
       Headbutt          |    16 |    19 |    40 |   116 ||   191
       Hand axe          |       |       |    86 |       ||    86
       Falchion          |       |       |       |     7 ||     7
Invok: Call Merchant     |       |       |     1 |     2 ||     3
       Potion Petition   |       |       |       |     1 ||     1
Evoke: Wand              |       |       |       |     1 ||     1
  Use: Potion            |       |     1 |     1 |     4 ||     6
       Scroll            |       |     1 |       |    22 ||    23
 Stab: Distracted        |       |       |     1 |     1 ||     2
  Eat: Chunk             |     1 |     2 |       |       ||     3
       Ration            |       |     2 |     7 |    10 ||    19
Armor: Scale mail        |    36 |    40 |       |       ||    76
       Chain mail        |       |    30 |       |       ||    30
       Ring mail         |       |    24 |    92 |   138 ||   254
       Skin              |       |       |       |     6 ||     6
Dodge: Dodged            |    27 |    61 |    68 |   134 ||   290
Block: Shield            |    51 |   115 |   132 |   268 ||   566

Table legend:
 A = Spawn XP
 B = Non-spawn XP
 C = Spawn XP percentage of total XP
 D = Spawn monster count
 E = Non-spawn monster count
 F = Spawn count percentage of total count
 G = Total turns spent on level
                    A         B        C        D         E        F      G
               +---------+---------+-------+---------+---------+-------+---------
         Total |       0 |   36681 |   0.0 |       0 |     366 |   0.0 | 13386
               +---------+---------+-------+---------+---------+-------+---------
           D:1 |       0 |      24 |   0.0 |       0 |      13 |   0.0 |   429
           D:2 |       0 |      71 |   0.0 |       0 |      18 |   0.0 |   858
           D:3 |       0 |     247 |   0.0 |       0 |      41 |   0.0 |   628
           D:4 |       0 |     287 |   0.0 |       0 |      24 |   0.0 |  1002
           D:5 |       0 |     652 |   0.0 |       0 |      23 |   0.0 |  1529
           D:6 |       0 |     587 |   0.0 |       0 |      15 |   0.0 |   666
           D:7 |       0 |    1442 |   0.0 |       0 |      31 |   0.0 |   813
           D:8 |       0 |     446 |   0.0 |       0 |      18 |   0.0 |   403
           D:9 |       0 |    3144 |   0.0 |       0 |      30 |   0.0 |  1892
          D:10 |       0 |    7176 |   0.0 |       0 |      40 |   0.0 |  1732
          D:11 |       0 |    6678 |   0.0 |       0 |      51 |   0.0 |  1519
          D:12 |       0 |    9157 |   0.0 |       0 |      37 |   0.0 |  1419
          D:13 |       0 |    6770 |   0.0 |       0 |      25 |   0.0 |   496
               +---------+---------+-------+---------+---------+-------+---------
